 Dungeon Crawl Stone Soup version 0.24-a0-789-g35933f4585 (webtiles) character file.

Game seed: 10605489957646761597, levelgen mode: deterministic

912 Kohma the Caller (level 8, -2/52 HPs)
             Began as a Merfolk Summoner on Oct 10, 2019.
             Was a Follower of Ashenzari.
             Slain by a sky beast (5 damage)
             ... on level 8 of the Dungeon.
             The game lasted 00:28:52 (7891 turns).

Kohma the Caller (Merfolk Summoner)                 Turns: 7891, Time: 00:28:53

Health: -2/52      AC:  9    Str:  8    XL:     8   Next: 9%
Magic:  5/15       EV: 10    Int: 17    God:    Ashenzari [*.....]
Gold:   432        SH:  8    Dex: 14    Spells: 3/16 levels left

rFire    . . .     SeeInvis .   o - +1 spear (curse)
rCold    + . .     Gourm    .   t - +0 shield (curse)
rNeg     . . .     Faith    .   D - +3 leather armour {rPois} (curse)
rPois    +         Spirit   .   J - +1 hat
rElec    .         Reflect  .   y - +0 cloak
rCorr    .         Harm     .   x - +0 pair of gloves
MR       .....                  (no boots)
Stlth    ++........             (no amulet)
HPRegen  0.17/turn              f - ring of protection from cold (curse)
MPRegen  0.14/turn              v - ring of flight

@: no status effects
A: change form in water, swift swim, stealthy swim
a: Curse Item, Scrying, Renounce Religion, Evoke Flight


You were on level 8 of the Dungeon.
You worshipped Ashenzari.
Ashenzari was aware of your devotion.
You were not hungry.

You visited 2 branches of the dungeon, and saw 9 of its levels.

You collected 432 gold pieces.

Inventory:

Hand Weapons
 o - a cursed +1 spear (weapon)
Missiles
 g - 303 stones (quivered)
 s - 2 throwing nets
 F - 5 silver boomerangs
Armour
 t - a cursed +0 shield (worn)
 x - a +0 pair of gloves (worn)
 y - a +0 cloak (worn)
 B - a scarf of cloud immunity
 D - a cursed +3 leather armour of poison resistance (worn)
 I - the cursed +0 large shield of Zietin {+Fly rN+++ MP-9 Str-5}
   (You found it on level 7 of the Dungeon)

   It affects your strength (-5).
   It renders you almost immune to negative energy.
   It affects your magic capacity (-9).
   It lets you fly.
   It has a curse placed upon it.
 J - a +1 hat (worn)
Jewellery
 f - a cursed ring of protection from cold (left hand)
 v - a ring of flight (right hand)
Wands
 u - a wand of paralysis (5)
 A - a wand of flame (44)
 G - a wand of polymorph (12)
Scrolls
 b - a scroll of noise
 i - 2 scrolls of blinking
 j - a scroll of enchant weapon
 n - 3 scrolls of identify {unknown}
 r - 3 scrolls of teleportation
 C - a scroll of amnesia
 E - a scroll of fog
 H - a scroll of enchant armour {unknown}
Potions
 a - 2 potions of lignification
 d - a potion of heal wounds {unknown}
 e - a potion of mutation {unknown}
 h - 2 potions of curing
 l - 2 potions of invisibility {unknown}
 m - a potion of degeneration {unknown}
 p - a potion of flight {unknown}
 q - 3 potions of agility {unknown}
 w - a potion of magic {unknown}
 z - 2 potions of might {unknown}
Comestibles
 c - 17 rations
 k - 3 chunks of flesh


   Skills:
 - Level 2.6 Dodging
 - Level 2.1 Stealth
 + Level 2.5 Shields
 + Level 4.6 Spellcasting
 * Level 7.9 Summonings
 * Level 1.0 Air Magic
 + Level 0.9 Poison Magic


You had 3 spell levels left.
You knew the following spells:

 Your Spells              Type           Power        Failure   Level  Hunger
a - Summon Lightning Spi  Summ/Air       ###.....     86%         4    ####...
b - Call Imp              Summ           ####....     6%          2    ##.....
c - Call Canine Familiar  Summ           ####....     13%         3    ###....
d - Olgreb's Toxic Radia  Pois           #.......     100%        4    ####...

Your spell library contained the following spells:

 Spells                   Type           Power        Failure   Level  Hunger
 Summon Small Mammal      Summ           ####         4%          1    None
 Summon Guardian Golem    Hex/Summ       ###.....     54%         3    ###....
 Sting                    Conj/Pois      #...         65%         1    None
 Animate Skeleton         Necr           N/A          71%         1    None
 Apportation              Tloc           #.....       71%         1    None
 Confusing Touch          Hex            #.....       71%         1    None
 Corona                   Hex            #......      71%         1    None
 Flame Tongue             Conj/Fire      #....        71%         1    None
 Poisonous Vapours        Pois/Air       #.....       73%         2    ##.....
 Ensorcelled Hibernation  Hex/Ice        #.....       85%         2    ##.....
 Slow                     Hex            #.......     85%         2    ##.....
 Throw Flame              Conj/Fire      #.....       85%         2    ##.....
 Mephitic Cloud           Conj/Pois/Air  #.......     94%         3    ###....
 Confuse                  Hex            #.......     97%         3    ###....
 Conjure Flame            Conj/Fire      #.......     97%         3    ###....
 Dazzling Spray           Conj/Hex       #.....       97%         3    ###....
 Gell's Gravitas          Tloc           #.........   97%         3    ###....
 Inner Flame              Hex/Fire       #.......     97%         3    ###....
 Portal Projectile        Hex/Tloc       #.....       97%         3    ###....
 Tukima's Dance           Hex            #.......     97%         3    ###....
 Summon Ice Beast         Ice/Summ       ###.....     91%         4    ####...
 Cause Fear               Hex            #.........   100%        4    ####...
 Leda's Liquefaction      Hex/Erth       #.........   100%        4    ####...
 Petrify                  Tmut/Erth      #.......     100%        4    ####...
 Sticky Flame             Conj/Fire      #.......     100%        4    ####...
 Fireball                 Conj/Fire      #.........   100%        5    ######.
 Metabolic Englaciation   Hex/Ice        #.........   100%        5    ######.
 Venom Bolt               Conj/Pois      #.........   100%        5    ######.
 Yara's Violent Unravell  Hex/Tmut       #.........   100%        5    ######.


Dungeon Overview and Level Annotations

Branches:
Dungeon (8/15)             Temple (1/1) D:4
   Lair: D:8-11

Altars:
Ashenzari
Cheibriados
Dithmenos
Elyvilon
Nemelex Xobeh
Qazlal
Ru
Sif Muna
Vehumet
Xom
Yredelemnul
Zin
The Shining One

Shops:
D:4 =   D:6 :


Message History

The orc closely misses you.
Your white imp closely misses something.
Something hits you. Something shocks you.
Your hound bites the orc.
The orc dies!
The bullfrog hits you.
You block the howler monkey zombie's attack.
You miss something. The bullfrog hits you.
* * * LOW HITPOINT WARNING * * *
Your white imp closely misses something.
Something hits you.
* * * LOW HITPOINT WARNING * * *
Something shocks you.
* * * LOW HITPOINT WARNING * * *
Your crimson imp barely misses the orc.
Your hound barely misses something.
The howler monkey zombie hits you but does no damage.
You block the bullfrog's attack. The orc barely misses you.
Your white imp barely misses something.
Something hits you.
* * * LOW HITPOINT WARNING * * *
Something shocks you.
You die...

..# .....
#..#####.....
#............
#..[.........
##...........
##............
##....F{5......
......o@h..^...
.....5Zo.......
......)####....
..>...# #..
##.... . ##...
#.. #..


You could see a bullfrog, 2 orcs, a howler monkey zombie, a friendly hound, a
friendly crimson imp and a friendly white imp.

Vanquished Creatures
  An ogre (D:4)
  A big kobold (D:5)
  A howler monkey (D:6)
  A centaur zombie (D:7)
  A crimson imp (D:5)
  A hound (D:4)
  An iguana (D:7)
  Ijyb (D:3)
  5 adders
  A worm (D:4)
  A leopard gecko (D:2)
  7 orcs
  4 bats
  5 giant cockroaches
  7 hobgoblins
  8 jackals
  4 quokkas
  5 goblins
  4 kobolds
  3 rats
62 creatures vanquished.

Vanquished Creatures (collateral kills)
  Edmund (D:5)
  2 ogres
  2 bullfrogs (D:6)
  A crimson imp (D:5)
  A hound (D:7)
  2 iguanas
  4 worker ants
  3 orc wizards
  A worker ant zombie (D:7)
  8 adders
  An adder zombie (D:5)
  3 worms (D:2)
  A dart slug (D:1)
  3 leopard geckos
  17 orcs
  A ball python (D:4)
  2 giant cockroaches
  8 goblins
  8 hobgoblins
  6 jackals
  9 kobolds
  2 quokkas (D:2)
  5 bats
  2 frilled lizards
  5 rats
98 creatures vanquished.

Vanquished Creatures (others)
  5 dream sheep (D:5)
5 creatures vanquished.

Grand Total: 165 creatures vanquished

Notes
Turn   | Place    | Note
-------+----------+-------------------------------------------
     0 | D:1      | Kohma the Merfolk Summoner began the quest for the Orb.
     0 | D:1      | Reached XP level 1. HP: 13/13 MP: 3/3
   199 | D:1      | Reached XP level 2. HP: 11/19 MP: 0/5
   218 | D:1      | Learned a level 2 spell: Call Imp
   814 | D:1      | Reached XP level 3. HP: 8/24 MP: 2/6
  1941 | D:2      | Learned a level 3 spell: Call Canine Familiar
  1989 | D:2      | Reached skill level 5 in Summonings
  2044 | D:2      | Reached XP level 4. HP: 30/30 MP: 2/8
  2099 | D:2      | Found a glowing silver altar of Zin.
  3551 | D:3      | Found a faded altar of an unknown god.
  3714 | D:3      | Reached XP level 5. HP: 35/35 MP: 9/9
  3791 | D:3      | Found a stormy altar of Qazlal.
  3800 | D:3      | Noticed Ijyb
  3823 | D:3      | Paralysed by Ijyb for 6 turns
  3829 | D:3      | Killed Ijyb
  4246 | D:4      | Found a staircase to the Ecumenical Temple.
  4286 | D:4      | Reached skill level 6 in Summonings
  4297 | Temple   | Entered the Ecumenical Temple
  4339 | Temple   | Became a worshipper of Ashenzari the Shackled
  4390 | D:4      | Found Qaawifee's Jewellery Shoppe.
  4917 | D:4      | Noticed an ogre
  4934 | D:4      | Killed an ogre
  4934 | D:4      | Reached XP level 6. HP: 33/41 MP: 2/11
  5469 | D:5      | Entered Level 5 of the Dungeon
  5635 | D:5      | Learned a level 4 spell: Summon Lightning Spire
  5667 | D:5      | Noticed Edmund
  5687 | D:5      | Killed Edmund
  5806 | D:5      | Reached XP level 7. HP: 37/46 MP: 9/13
  5936 | D:5      | Reached skill level 1 in Shields
  5936 | D:5      | Reached skill level 7 in Summonings
  5967 | D:5      | HP: 2/46 [poisoned by a kobold]
  5975 | D:5      | HP: 1/46 [poisoned by a kobold]
  6289 | D:5      | Found a white marble altar of Elyvilon.
  6377 | D:5      | Noticed a dream sheep
  6377 | D:5      | Noticed a dream sheep
  6377 | D:5      | Noticed a dream sheep
  6377 | D:5      | Noticed a dream sheep
  6377 | D:5      | Noticed a dream sheep
  6377 | D:5      | Found a shimmering altar of Xom.
  6381 | D:5      | Killed a dream sheep
  6381 | D:5      | Killed a dream sheep
  6381 | D:5      | Killed a dream sheep
  6384 | D:5      | Killed a dream sheep
  6384 | D:5      | Killed a dream sheep
  6611 | D:6      | Found a basalt altar of Yredelemnul.
  6615 | D:6      | Found a glowing golden altar of the Shining One.
  6617 | D:6      | Noticed an angel
  6645 | D:6      | Noticed a profane servitor
  6669 | D:6      | Found Suh Jeqo's Book Shop.
  6769 | D:6      | Found a shadowy altar of Dithmenos.
  6776 | D:6      | Reached * piety under Ashenzari
  6812 | D:6      | Found a snail-covered altar of Cheibriados.
  7143 | D:6      | Found a sacrificial altar of Ru.
  7146 | D:6      | Found a shimmering blue altar of Sif Muna.
  7148 | D:6      | Found a sparkling altar of Nemelex Xobeh.
  7289 | D:7      | Learned a level 4 spell: Olgreb's Toxic Radiance
  7500 | D:7      | Reached XP level 8. HP: 43/52 MP: 8/14
  7558 | D:7      | Identified the cursed +0 large shield of Zietin {+Fly rN+++
                  | MP-9 Str-5}
  7741 | D:7      | Reached skill level 1 in Air Magic
  7891 | D:8      | Slain by a sky beast

Levels and vault maps discovered:
D:1:      dpeg_arrival_prison, layout_basic, st_stairs_5, minmay_misc_feat_iff,
          hangedman_abyss_or_decor_lesser_grid
D:2:      layout_loops_cross, old_standard_altar, first_ration,
          item_on_display_b
D:3:      layout_loops_ring, nicolae_qazlal_eye_of_the_storm,
          chequers_ecumenical_altar_lobes, uniq_ijyb
D:4:      layout_basic, minmay_temple_entry_waves, serial_shops, shop,
          chequers_serial_rivers_large_b
D:5:      layout_cave_pools, elyvilon_altar_3, kb_xom_exploding_sheep,
          uniq_edmund
D:6:      layout_basic, grunt_temple_overflow_holy_war, kennysheep_mini,
          overflow_temple_1_default, grunt_temple_overflow_open, serial_shops,
          shop
D:7:      layout_rooms
D:8:      layout_layer_cave, nicolae_overflow_hidden_temple,
          hangedman_little_slice_of_home, ashenzari_altar_1
Temple:   nicolae_temple_figure_zero

Skill      XL: |  1  2  3  4  5  6  7  8 |
---------------+-------------------------+-----
Summonings     | 5 6 7 |  7.9
Spellcasting   | 3 4 |  4.6
Shields        | 2 |  2.5
Air Magic      | 1 |  1.0
Dodging        | |  2.6
Stealth        | |  2.1
Poison Magic   | |  0.9

Action                   |  1- 3 |  4- 6 |  7- 9 || total
-------------------------+-------+-------+-------++-------
Melee: Whip              |   113 |       |       ||   113
       Spear             |       |   230 |   141 ||   371
 Cast: Summon Small Mamm |     9 |       |       ||     9
       Call Imp          |    26 |    26 |    16 ||    68
       Call Canine Famil |     2 |    10 |    10 ||    22
Invok: Curse Item        |       |     1 |     3 ||     4
  Use: Scroll            |       |     8 |       ||     8
       Potion            |       |     2 |       ||     2
 Stab: Sleeping          |     3 |     2 |     2 ||     7
       Distracted        |     2 |     6 |     2 ||    10
  Eat: Chunk             |     6 |    14 |     8 ||    28
Armor: Robe              |    33 |       |       ||    33
       Leather armour    |    11 |     4 |    70 ||    85
       Ring mail         |       |    91 |       ||    91
Dodge: Dodged            |   101 |   108 |    85 ||   294
Block: Shield            |       |       |    37 ||    37

Table legend:
 A = Non-vault XP
 B = Vault XP
 C = Vault XP percentage of total XP
 D = Non-vault monster count
 E = Vault monster count
 F = Vault count percentage of total count
                 A         B        C        D         E       F
            +---------+---------+-------+---------+---------+-------
      Total |    1197 |     107 |   8.2 |     153 |       8 |   5.0
            +---------+---------+-------+---------+---------+-------
        D:1 |      45 |       7 |  13.5 |      31 |       6 |  16.2
        D:2 |      64 |       0 |   0.0 |      26 |       0 |   0.0
        D:3 |      61 |      23 |  27.4 |      27 |       1 |   3.6
        D:4 |     209 |       0 |   0.0 |       9 |       0 |   0.0
        D:5 |     289 |      77 |  21.0 |      30 |       1 |   3.2
        D:6 |     314 |       0 |   0.0 |      16 |       0 |   0.0
        D:7 |     200 |       0 |   0.0 |      11 |       0 |   0.0
        D:8 |      15 |       0 |   0.0 |       3 |       0 |   0.0
            +---------+---------+-------+---------+---------+-------
